 Dungeon Sprint DCSS version 0.22-a0-445-g8c8ef71 (webtiles) character file.

8897 raistware the Scorcher (level 11, -14/54 HPs)
             Began as a Deep Elf Fire Elementalist on June 2, 2018.
             Was the Champion of Vehumet.
             Demolished by a deep troll (16 damage)
             ... in the Dungeon (Sprint IX: "|||||||||||||||||||||||||||||").
             The game lasted 00:24:54 (2745 turns).

raistware the Scorcher (Deep Elf Fire Elementalist) Turns: 2745, Time: 00:24:55

Health: -14/54     AC:  7    Str:  5    XL:     11   Next: 15%
Magic:  31/34      EV: 15    Int: 24    God:    Vehumet [******]
Gold:   1250       SH:  0    Dex: 15    Spells: 16/45 levels left

rFire    . . .     SeeInvis .   n - +2 scimitar (holy)
rCold    . . .     Gourm    .   (no shield)
rNeg     . . .     Faith    .   a - +0 robe
rPois    .         Spirit   .   o - +0 helmet
rElec    .         Reflect  .   f - +0 cloak
rCorr    .         Harm     .   p - +0 pair of gloves
MR       +....     NoTele   +   (no boots)
Stlth    ++........             (no amulet)
HPRegen  0.18/turn              q - +2 ring of protection
MPRegen  0.24/turn              r - +2 ring of evasion

@: berserk cooldown, slowed, very slow
A: no striking features
a: Renounce Religion


You were in the Dungeon.
You worshipped Vehumet.
Vehumet was exalted by your worship.
You were not hungry.

You visited 1 branch You collected 1250 gold pieces.

Inventory:

Hand Weapons
 b - the +5 scythe "Finisher" {speed, Str+3}
   (You found it in the Dungeon)

   Attacks with this weapon are significantly faster.
   It affects your strength (+3).
 n - a +2 scimitar of holy wrath (weapon)
Armour
 a - a +0 robe (worn)
 f - a +0 cloak (worn)
 o - a +0 helmet (worn)
 p - a +0 pair of gloves (worn)
Jewellery
 q - a +2 ring of protection (left hand)
 r - a +2 ring of evasion (right hand)
Scrolls
 j - 5 scrolls of enchant armour
 k - 6 scrolls of remove curse
 l - 2 scrolls of amnesia
Potions
 c - 2 potions of resistance
 d - 3 potions of curing
 e - 5 potions of heal wounds
 g - 3 potions of magic
Comestibles
 i - 12 rations
 m - a chunk of flesh


   Skills:
 - Level 2.4 Dodging
 - Level 2.4 Stealth
 * Level 17.7 Spellcasting
 * Level 11.5 Conjurations
 + Level 20.6 Fire Magic
 + Level 4.9 Earth Magic


You had 16 spell levels left.
You knew the following spells:

 Your Spells              Type           Power        Failure   Level  Hunger
a - Flame Tongue          Conj/Fire      #####        0%          1    None
b - Sticky Flame          Conj/Fire      #######.     1%          4    None
c - Fireball              Conj/Fire      #######...   1%          5    None
d - Conjure Flame         Conj/Fire      #######.     0%          3    None
e - Stone Arrow           Conj/Erth      ######       1%          3    None
f - Dazzling Spray        Conj/Hex       #####.       1%          3    None
g - Olgreb's Toxic Radia  Pois           ###.....     7%          4    None
h - Bolt of Fire          Conj/Fire      #######...   1%          6    ####...

Your spell library contained the following spells:

 Spells                   Type           Power        Failure   Level  Hunger
 Throw Flame              Conj/Fire      ######       0%          2    None
 Inner Flame              Hex/Fire       ######..     1%          3    None


Dungeon Overview and Level Annotations

Branches:
Dungeon (1/1)

Altars:
Cheibriados
Dithmenos
Elyvilon
Fedhas
Gozag
Hepliaklqana
Kikubaaqudgha
Makhleb
Nemelex Xobeh
Okawaru
Qazlal
Ru
Sif Muna
Trog
Uskayaw
Vehumet
Wu Jian
Xom
Yredelemnul
Zin
The Shining One
Beogh
Jiyva
Lugonu

Shops:
D :


Message History

a halberd; a chain mail
Things that are here:
a war axe; a plate armour
Things that are here:
a glaive; a plate armour
Casting: Conjure Flame (safe; 0% risk of failure)
Confirm with . or Enter, or press ? or * to list all spells.
Aiming: Bolt of Fire (safe; 1% risk of failure)
Press: ? - help, Shift-Dir - straight line, f - deep troll
Aim: a deep troll (lightly wounded, poisoned)
The bolt of fire hits the deep troll.
The deep troll is severely wounded.
The bolt of fire hits the deep troll.
You kill the deep troll!
Vehumet accepts your kill.
You feel your power returning.
The deep troll looks more healthy.
The deep troll misses you. The deep troll claws you!
* * * LOW HITPOINT WARNING * * *
The deep troll claws you!
You die...

▓)▓.▓[▓.▓)▓
▓)▓.▓.▓.▓'▓
▓)▓.▓.▓.▓_▓
▓)▓.▓.▓.▓_▓
▓.▓.▓.▓.▓_▓
▓.▓.▓.▓.▓_▓
▓.▓.▓'▓.▓_▓
▓.▓.▓÷▓.▓_▓
▓@▓.▓.▓.▓_▓
▓T▓.▓.▓.▓_▓
▓.▓.▓.▓.▓_▓
▓)▓.▓.▓.▓_▓
▓'▓.▓.▓.▓_▓
▓)▓.▓.▓.▓_▓
▓.▓.▓.▓.▓_▓
▓T▓.▓.▓.▓_▓
▓)▓.▓'▓.▓_▓


You could see 2 deep trolls.

Vanquished Creatures
  A death yak (D)
  A two-headed ogre (D)
  A deep troll (D)
  3 orc knights (D)
  An ugly thing (D)
  3 spiny frogs (D)
  6 polar bears (D)
  A vampire (D)
  A basilisk (D)
  3 yaks (D)
  A water moccasin (D)
  3 porcupines (D)
  3 black bears (D)
  An ice beast (D)
  11 orc warriors (D)
  An ogre (D)
  A phantom (D)
  3 crocodiles (D)
  3 bullfrogs (D)
  A crimson imp (D)
  2 orc priests (D)
  An iguana (D)
  2 orc wizards (D)
  A worker ant (D)
  A shadow imp (D)
  A dart slug (D)
  10 orcs (D)
  A bat (D)
  A ball python zombie (D)
  2 frilled lizards (D)
  3 rats (D)
74 creatures vanquished.

Notes
Turn   | Place    | Note
-------+----------+-------------------------------------------
     0 | D        | raistware the Deep Elf Fire Elementalist began the quest for the Orb.
     0 | D        | Reached XP level 1. HP: 10/10 MP: 6/6
     7 | D        | Reached skill level 4 in Fire Magic
    40 | D        | Reached skill level 5 in Fire Magic
    91 | D        | Noticed a worker ant
   108 | D        | Killed a worker ant
   108 | D        | Reached skill level 7 in Fire Magic
   108 | D        | Reached XP level 2. HP: 4/15 MP: 6/8
   108 | D        | Reached XP level 3. HP: 6/19 MP: 6/9
   191 | D        | Found a roughly hewn altar of Beogh.
   191 | D        | Found a snail-covered altar of Cheibriados.
   191 | D        | Found a shadowy altar of Dithmenos.
   191 | D        | Found a white marble altar of Elyvilon.
   191 | D        | Found a blossoming altar of Fedhas.
   191 | D        | Found an opulent altar of Gozag.
   192 | D        | Found a hazy altar of Hepliaklqana.
   193 | D        | Found a viscous altar of Jiyva.
   194 | D        | Found an ancient bone altar of Kikubaaqudgha.
   195 | D        | Found a corrupted altar of Lugonu.
   196 | D        | Found a burning altar of Makhleb.
   197 | D        | Found a sparkling altar of Nemelex Xobeh.
   198 | D        | Found an iron altar of Okawaru.
   199 | D        | Found a stormy altar of Qazlal.
   200 | D        | Found a sacrificial altar of Ru.
   201 | D        | Found a deep blue altar of Sif Muna.
   202 | D        | Found a bloodstained altar of Trog.
   203 | D        | Found a hide-covered altar of Uskayaw.
   204 | D        | Found a radiant altar of Vehumet.
   205 | D        | Found an ornate altar of the Wu Jian Council.
   206 | D        | Found a shimmering altar of Xom.
   207 | D        | Found a basalt altar of Yredelemnul.
   208 | D        | Found a glowing silver altar of Zin.
   209 | D        | Found a glowing golden altar of the Shining One.
   212 | D        | Became a worshipper of Vehumet
   244 | D        | Noticed a two-headed ogre
   244 | D        | Noticed an ice beast
   244 | D        | Noticed a vampire
   244 | D        | Noticed an orc warrior
   245 | D        | Reached skill level 9 in Fire Magic
   287 | D        | Killed a two-headed ogre
   287 | D        | Reached skill level 16 in Fire Magic
   287 | D        | Reached XP level 4. HP: 19/24 MP: 10/10
   287 | D        | Reached XP level 5. HP: 23/28 MP: 11/11
   287 | D        | Reached XP level 6. HP: 26/32 MP: 12/12
   287 | D        | Reached XP level 7. HP: 29/36 MP: 13/13
   291 | D        | Reached * piety under Vehumet
   291 | D        | Offered knowledge of Freeze by Vehumet.
   291 | D        | Reached skill level 17 in Fire Magic
   301 | D        | Learned a level 4 spell: Sticky Flame
   307 | D        | Learned a level 5 spell: Fireball
   320 | D        | Killed a vampire
   336 | D        | Reached ** piety under Vehumet
   336 | D        | Reached skill level 18 in Fire Magic
   336 | D        | Reached XP level 8. HP: 23/41 MP: 5/14
   342 | D        | Learned a level 3 spell: Conjure Flame
   469 | D        | Noticed a red ugly thing
   577 | D        | Offered knowledge of Throw Frost by Vehumet.
   577 | D        | HP: 2/41 [phantom (5)]
   580 | D        | Killed a purple ugly thing
   580 | D        | Reached skill level 19 in Fire Magic
   586 | D        | Reached *** piety under Vehumet
   775 | D        | Found the +5 scythe "Finisher" {speed, Str+3}
   806 | D        | Offered knowledge of Stone Arrow by Vehumet.
   809 | D        | Noticed a spiny frog
   821 | D        | Reached **** piety under Vehumet
   822 | D        | Reached skill level 5 in Spellcasting
   822 | D        | Reached XP level 9. HP: 29/45 MP: 2/19
   934 | D        | Reached ***** piety under Vehumet
   940 | D        | Reached skill level 20 in Fire Magic
   940 | D        | Killed a spiny frog
   940 | D        | Reached skill level 5 in Conjurations
  1068 | D        | Learned a level 3 spell: Stone Arrow
  1068 | D        | Noticed a spiny frog
  1068 | D        | Noticed a death yak
  1076 | D        | Offered knowledge of Dazzling Spray by Vehumet.
  1082 | D        | Reached skill level 10 in Spellcasting
  1082 | D        | Noticed a spiny frog
  1087 | D        | Killed a spiny frog
  1365 | D        | Learned a level 3 spell: Dazzling Spray
  1371 | D        | Offered knowledge of Olgreb's Toxic Radiance by Vehumet.
  1378 | D        | Killed a spiny frog
  1384 | D        | Killed a death yak
  1384 | D        | Reached ****** piety under Vehumet
  1384 | D        | Reached XP level 10. HP: 50/50 MP: 7/29
  1499 | D        | Learned a level 4 spell: Olgreb's Toxic Radiance
  1507 | D        | Offered knowledge of Venom Bolt by Vehumet.
  1518 | D        | Reached skill level 15 in Spellcasting
  1850 | D        | Reached skill level 10 in Conjurations
  2104 | D        | Noticed an orc knight
  2104 | D        | Offered knowledge of Bolt of Fire by Vehumet.
  2120 | D        | Killed an orc knight
  2120 | D        | Reached skill level 1 in Earth Magic
  2305 | D        | Learned a level 6 spell: Bolt of Fire
  2311 | D        | Noticed an orc knight
  2313 | D        | Noticed an orc knight
  2340 | D        | Killed an orc knight
  2506 | D        | Reached XP level 11. HP: 54/54 MP: 28/34
  2517 | D        | Offered knowledge of Yara's Violent Unravelling by Vehumet.
  2581 | D        | Killed an orc knight
  2725 | D        | Found Zurhum's Book Emporium.
  2725 | D        | Noticed a deep troll
  2725 | D        | Noticed a deep troll
  2725 | D        | Noticed a deep troll
  2745 | D        | Killed a deep troll
  2745 | D        | HP: 2/54 [deep troll (8)]
  2745 | D        | Demolished by a deep troll

Vault maps used:
D:        linesprint

Skill      XL: |  1  2  3  4  5  6  7  8  9 10 11 |
---------------+----------------------------------+-----
Fire Magic     | 7 16 18 19 20 | 20.6
Spellcasting   | 5 13 17 | 17.7
Conjurations   | 2 8 10 11 | 11.5
Earth Magic    | 4 |  4.9
Dodging        | |  2.4
Stealth        | |  2.4

Action                   |  1- 3 |  4- 6 |  7- 9 | 10-12 || total
-------------------------+-------+-------+-------+-------++-------
Melee: Scimitar          |       |       |    11 |     2 ||    13
       Scythe            |       |       |    13 |    21 ||    34
 Cast: Flame Tongue      |    22 |       |     4 |     4 ||    30
       Fireball          |       |       |    16 |     5 ||    21
       Conjure Flame     |       |       |    12 |    17 ||    29
       Sticky Flame      |       |       |     7 |     4 ||    11
       Olgreb's Toxic Ra |       |       |       |    17 ||    17
       Bolt of Fire      |       |       |       |     8 ||     8
Evoke: Wand              |     3 |       |     7 |       ||    10
  Use: Potion            |     3 |       |     6 |     2 ||    11
       Scroll            |       |       |     3 |       ||     3
  Eat: Ration            |       |       |     1 |       ||     1
       Chunk             |       |       |     2 |     6 ||     8
Armor: Robe              |     2 |       |     7 |     7 ||    16
Dodge: Dodged            |     8 |       |    12 |    31 ||    51
       Rpst.: Scimitar   |       |       |     3 |     1 ||     4

Table legend:
 A = Spawn XP
 B = Non-spawn XP
 C = Spawn XP percentage of total XP
 D = Spawn monster count
 E = Non-spawn monster count
 F = Spawn count percentage of total count
 G = Total turns spent on level
                    A         B        C        D         E        F      G
               +---------+---------+-------+---------+---------+-------+---------
         Total |       0 |   12710 |   0.0 |       0 |      74 |   0.0 |  2745
               +---------+---------+-------+---------+---------+-------+---------
             D |       0 |   12710 |   0.0 |       0 |      74 |   0.0 |  2745
               +---------+---------+-------+---------+---------+-------+---------
